 Dungeon Crawl Stone Soup version 0.32-a0-918-g0f22ef8d61 (webtiles) character file.

Game seed: 4932654877006332774

70 tilp the Vexing (level 4, 0/32 HPs)
             Began as a Vampire Enchanter on Apr 10, 2024.
             Slain by an ogre
             ... wielding a +0 giant club
              (12 damage)
             ... on level 3 of the Dungeon.
             The game lasted 00:02:43 (1959 turns).

tilp the Vexing (Vampire Enchanter)                 Turns: 1959, Time: 00:02:43

Health: 0/32       AC:  4    Str:  7    XL:     4   Next: 3%
Magic:  14/16      EV: 11    Int: 19    God:
Gold:   167        SH:  0    Dex: 14    Spells: 5/7 levels left

rFire   . . .        b - +0 short sword (elec)
rCold   . . .        (no shield)
rNeg    . . .        g - +0 leather armour
rPois   .            n - +0 helmet
rElec   .            (no cloak)
rCorr   .            (no gloves)
SInv    +            (no boots)
Will    .....        (no amulet)
Stlth   +++          l - ring of magical power
HPRegen 0.45/turn    (no ring)
MPRegen 0.15/turn

%: no passive effects
@: healing quickly
A: alive, fangs 3, see invisible, vampiric 2
a: Exsanguinate


You were on level 3 of the Dungeon.
You visited 1 branch of the dungeon, and saw 3 of its levels.

You collected 167 gold pieces.

Inventory:

Hand Weapons
 a - a +1 dagger
 b - a +0 short sword of electrocution (weapon)
Missiles
 h - 3 javelins (quivered)
Armour
 f - a +0 robe
 g - a +0 leather armour (worn)
 n - a +0 helmet (worn)
Jewellery
 l - a ring of magical power (left hand)
Scrolls
 i - a scroll of summoning
 j - a scroll of blinking
 m - a scroll of enchant weapon
Potions
 c - 2 potions of invisibility
 e - 4 potions of curing
 k - a potion of haste
 o - a potion of enlightenment
 p - a potion of magic


   Skills:
 * Level 1.2 Fighting
 + Level 1.5(1.9) Short Blades
 * Level 1.4(1.8) Long Blades
 + Level 2.5 Dodging
 + Level 4.7 Stealth
 + Level 2.2 Spellcasting
 * Level 5.1 Hexes


You had 5 spell levels left.
You knew the following spells:

 Your Spells              Type           Power      Damage    Failure   Level
a - Ensorcelled Hibernat  Hex/Ice        22%        N/A       13%         2

Your spell library contained the following spells:

 Spells                   Type           Power      Damage    Failure   Level
 Confusing Touch          Hex            21%        N/A       9%          3
 Tukima's Dance           Hex            21%        N/A       9%          3
 Dazzling Flash           Conj/Hex       22%        N/A       26%         3
 Animate Dead             Necr           2%         N/A       94%         4
 Borgnjor's Vile Clutch   Necr/Erth      1%         N/A       100%        5
 Death Channel            Necr           1%         N/A       100%        6


Dungeon Overview and Level Annotations

Branches:
Dungeon (3/15)

Altars:
Makhleb

Annotations:
D:3 2 transporters


Innate Abilities, Weirdness & Mutations

Your natural rate of healing is accelerated.
You have razor-sharp teeth.
You have supernaturally acute eyesight. (SInv)
You are afflicted with vampirism and can become a bat while bloodless.


Message History

You kill the ball python!
Casting: Ensorcelled Hibernation (safe; 13% risk of failure)
Confirm with . or Enter, or press ? or * to list all spells.
Aiming: Ensorcelled Hibernation (safe; 13% risk of failure)
Press: ? - help, Shift-Dir - straight line, f - ogre
Aim: an ogre, wielding a +0 giant club (chance to affect: 45%)
The ogre looks drowsy...
Unknown command.
The helpless ogre fails to defend itself.
You impale the ogre!!
The ogre is severely wounded.
The ogre hits you with a +0 giant club!
Unknown command.
You hear the crackle of electricity.
b - a +0 short sword of electrocution (weapon)
Unknown command.
You closely miss the ogre.
The ogre is severely wounded.
The ogre hits you with a +0 giant club!
* * * LOW HITPOINT WARNING * * *
Unknown command.
Casting: Ensorcelled Hibernation (safe; 13% risk of failure)
Confirm with . or Enter, or press ? or * to list all spells.
You don't know that spell.
Unknown command.
Casting: Ensorcelled Hibernation (safe; 13% risk of failure)
Confirm with . or Enter, or press ? or * to list all spells.
You don't know that spell.
An ogre is nearby!
Unknown command.
Casting: Ensorcelled Hibernation (safe; 13% risk of failure)
Confirm with . or Enter, or press ? or * to list all spells.
You don't know that spell.
Unknown command.
You hit the ogre but do no damage. Your bite misses the ogre.
The ogre is severely wounded.
You hit the ogre.
The ogre is almost dead.
The ogre hits you with a +0 giant club!
You die...

..)........# .....
...........# ...
...........# #'#
...........# ##'#######
############ #†........ #
#......... # #########
#......... #
#.......####.........
#######.......#.@O.........
.....##.......#.##.........
####.##.........##.........
#.#####..######.........
#)# #...## #.........
#.###.### #........
####.##..#### #........
...#)#......## ###+###
...#.#.###...####


You could see an ogre.

Vanquished Creatures
  2 adders (D:2)
  4 ribbon worms
  A dart slug (D:3)
  8 ball pythons
  3 bats
  An endoplasm (D:2)
  4 giant cockroaches
  2 goblins
  2 hobgoblins
  4 jackals (D:3)
  2 quokkas
  3 kobolds
  3 rats
39 creatures vanquished.

Notes
Turn   | Place    | Note
-------+----------+-------------------------------------------
     0 | D:1      | tilp the Vampire Enchanter began the quest for the Orb.
     0 | D:1      | Reached XP level 1. HP: 13/13 MP: 3/3
   501 | D:2      | Reached XP level 2. HP: 20/20 MP: 5/5
   504 | D:2      | Learned a level 2 spell: Ensorcelled Hibernation
   630 | D:2      | Reached skill level 1 in Long Blades
   652 | D:2      | Gained mutation: You are afflicted with vampirism and can
                  | become a bat while bloodless. [Vampire growth]
   652 | D:2      | Reached XP level 3. HP: 18/25 MP: 1/6
   865 | D:2      | Reached skill level 1 in Fighting
  1428 | D:3      | Found a transporter.
  1446 | D:3      | Reached skill level 5 in Hexes
  1482 | D:3      | Found a burning altar of Makhleb.
  1812 | D:3      | Found a faded altar of an unknown god.
  1843 | D:3      | Found a transporter.
  1937 | D:3      | Noticed an ogre
  1942 | D:3      | Reached XP level 4. HP: 32/32 MP: 7/7
  1959 | D:3      | Slain by an ogre

Illustrated notes

Levels and vault maps discovered:
D:1:      wander_arrival_lonely_grave, layout_rooms
D:2:      layout_loops_ring
D:3:      gammafunk_steamed_eel, layout_basic, mainiacjoe_overflow_catwalk,
          nicolae_overflow_crystal_walls, ebering_ecumenical_altar_ruins

Skill      XL: |  1  2  3 |
---------------+----------+-----
Long Blades    | 1 |  1.4
Fighting       | 1 |  1.2
Hexes          | 5 |  5.1
Short Blades   | |  1.5
Dodging        | |  2.5
Stealth        | |  4.7
Spellcasting   | |  2.2

Action                     |  1- 3 |  4- 6 || total
---------------------------+-------+-------++-------
  Melee: Dagger            |    65 |     3 ||    68
         Bite              |     8 |       ||     8
         Short sword       |    20 |     4 ||    24
   Cast: Ensorcelled Hiber |    11 |     2 ||    13
    Use: Scroll            |     7 |       ||     7
   Stab: Sleeping          |    20 |     1 ||    21
 Armour: Robe              |     2 |       ||     2
         Leather armour    |    40 |     7 ||    47
  Dodge: Dodged            |    47 |     3 ||    50

Table legend: (Time is in decaauts)
 A = Elapsed time spent in this place.
 B = Non-inter-level travel time spent in this place.
 C = Inter-level travel time spent in this place.
 D = Time resting spent in this place.
 E = Time spent auto-exploring this place.
 F = Levels seen in this place.
 G = Mean time per level.
                   A        B        C        D        E       F      G
               +--------+--------+--------+--------+--------+-----+--------+
         Total |   1945 |   1844 |    101 |     64 |   1433 |   3 |  648.3 |
       Dungeon |   1945 |   1844 |    101 |     64 |   1433 |   3 |  648.3 |
               +--------+--------+--------+--------+--------+-----+--------+

Top non-repeatable levels by time:
     D:2: 926 daAuts
     D:3: 521 daAuts
     D:1: 497 daAuts
